 Dungeon Crawl Stone Soup version 0.31-a0-240-gb923e448b6 (webtiles) character file.

Game seed: 17050180843937023388

74 qw the Shooter (level 4, 0/26 HPs)
             Began as a Gargoyle Hexslinger on July 11, 2023.
             Slain by a hound (4 damage)
             ... on level 4 of the Dungeon.
             The game lasted 00:00:44 (2194 turns).

qw the Shooter (Gargoyle Hexslinger)                Turns: 2194, Time: 00:00:44

Health: 0/26       AC:  8    Str: 11    XL:     4   Next: 30%
Magic:  5/5        EV: 10    Int: 14    God:
Gold:   122        SH:  0    Dex: 14    Spells: 4/5 levels left

rFire   + . .        Y - +1 sling
rCold   + . .        (no shield)
rNeg    + + .        j - +0 ring mail
rPois   inf          (no helmet)
rElec   +            f - scarf {rC+ rF+}
rCorr   .            (no gloves)
SInv    .            (no boots)
Will    .....        (no amulet)
Stlth   +            k - ring of positive energy
HPRegen 0.24/turn    (no ring)
MPRegen 0.09/turn

%: no passive effects
@: about to teleport
A: sickness immunity, AC +3, negative energy resistance 1, electricity
resistance, torment resistance 1, petrification resistance
a: no special abilities


You were on level 4 of the Dungeon.
You visited 1 branch of the dungeon, and saw 4 of its levels.

You collected 122 gold pieces.


Innate Abilities, Weirdness & Mutations

You are immune to sickness and miasma.
Your stone body is resilient. (AC +3)
You are immune to poison.
You resist negative energy. (rN+)
You are resistant to electric shocks. (rElec)
You are resistant to unholy torment.
You are immune to petrification.


   Skills:
 - Level 2.0 Fighting
 - Level 4.0 Ranged Weapons
 + Level 0.8 Armour
 - Level 1.5 Dodging
 - Level 1.0 Spellcasting
 - Level 2.6 Hexes


You had 4 spell levels left.
You knew the following spells:

 Your Spells              Type           Power      Damage    Failure   Level
a - Slow                  Hex            32%        N/A       22%         1

Your spell library contained the following spells:

 Spells                   Type           Power      Damage    Failure   Level
 Inner Flame              Hex/Fire       4%         N/A       73%         3
 Portal Projectile        Hex/Tloc       8%         N/A       73%         3
 Cause Fear               Hex            4%         N/A       91%         4

Inventory:

Hand Weapons
 Y - a +1 sling (weapon)
Armour
 f - a scarf of resistance (worn)
 j - a +0 ring mail (worn)
Jewellery
 k - a ring of positive energy (left hand)
Scrolls
 g - a scroll of identify
Potions
 a - a potion of cancellation
 c - a potion of lignification {unknown}
 d - a potion of ambrosia {unknown}
 e - a potion of heal wounds {unknown}
 h - a potion of curing
 i - a potion of brilliance {unknown}

Dungeon Overview and Level Annotations

Branches:
Dungeon (4/15)
 Temple: D:4-7

Altars:

Annotations:
D:3 3 runed translucent doors, qw's ghost, amateur MiHs


Message History

The hound bites you. The hound barely misses you.
You shoot a sling bullet. The sling bullet hits the hound.
The hound is moderately wounded.
The hound barely misses you. The hound bites you but does no damage.
You shoot a sling bullet.
The sling bullet closely misses the hound.
The hound bites you but does no damage. The hound bites you.
You shoot a sling bullet. The sling bullet hits the hound.
The hound is heavily wounded.
The hound bites you but does no damage. The hound misses you.
You shoot a sling bullet.
The sling bullet closely misses the hound.
The hound bites you but does no damage. The hound barely misses you.
You shoot a sling bullet.
The sling bullet barely misses the hound.
The hound closely misses you. The hound bites you.
You shoot a sling bullet.
The sling bullet closely misses the hound.
The hound bites you but does no damage. x2
You shoot a sling bullet. The sling bullet hits the hound.
The hound is severely wounded.
The hound bites you but does no damage. The hound barely misses you.
You shoot a sling bullet.
The sling bullet closely misses the hound.
The hound bites you. x2
You shoot a sling bullet.
The sling bullet hits the hound but does no damage.
The hound is severely wounded.
The hound bites you. x2
You shoot a sling bullet.
The sling bullet closely misses the hound.
The hound closely misses you. The hound bites you.
2193 ||| READING scroll of teleportation.
As you read the scroll of teleportation, it crumbles to dust.
You feel strangely unstable. The hound barely misses you.
You shoot a sling bullet. The sling bullet hits the hound.
The hound is almost dead.
The hound bites you. x2
You die...

#... #.
##..# #..
###...# #...
.#...##....
....#....#
..#....#
##h....###
#.@.......
##..##.....
####..## ...
######...[.#
.
#.........##
..........#
..######..#
#..# ##.#


You could see a hound.

Vanquished Creatures
  2 adders (D:3)
  An ufetubus (D:3)
  A worm (D:3)
  3 orcs (D:3)
  4 ball pythons
  4 endoplasms
  3 giant cockroaches
  3 goblins (D:3)
  5 hobgoblins
  2 jackals (D:1)
  2 quokkas
  4 bats
  2 frilled lizards (D:3)
  3 kobolds
  4 rats
43 creatures vanquished.

Notes
Turn   | Place    | Note
-------+----------+-------------------------------------------
     0 | D:1      | qw the Gargoyle Hexslinger began the quest for the Orb.
     0 | D:1      | Reached XP level 1. HP: 12/12 MP: 2/2
     0 | D:1      | 0 ||| qw: Version: 0.3-a-52-g30416fa
     0 | D:1      | 0 ||| qw: Game counter: 6128
     0 | D:1      | 0 ||| qw: Melee chars always use a shield: true
     0 | D:1      | 0 ||| qw: God list: Okawaru
     0 | D:1      | 0 ||| qw: Allow faded altars: false
     0 | D:1      | 0 ||| qw: Do Orc after clearing Dungeon:15 true
     0 | D:1      | 0 ||| qw: Do second Lair branch before Depths: true
     0 | D:1      | 0 ||| qw: Lair rune preference: random
     0 | D:1      | 0 ||| qw: Goals: Normal
     0 | D:1      | 0 ||| PLANNING D:1-11
   149 | D:1      | Reached XP level 2. HP: 16/16 MP: 3/3
   365 | D:1      | Reached skill level 3 in Ranged Weapons
   808 | D:1      | 808 ||| UPGRADING to +0 leather armour.
   818 | D:1      | 818 ||| DROPPING +0 robe.
   819 | D:1      | 819 ||| READING scroll labelled SAHAUX UTHU.
   820 | D:1      | 820 ||| READING scroll labelled RAMMOZ YTTYGUIT.
   821 | D:1      | 821 ||| READING 2 scrolls labelled SAKHLU ITZOO.
   822 | D:1      | 822 ||| DROPPING scroll of poison.
  1017 | D:2      | Reached XP level 3. HP: 21/21 MP: 4/4
  1243 | D:2      | 1243 ||| UPGRADING to scarf of resistance.
  1248 | D:2      | 1248 ||| UPGRADING to +0 ring mail.
  1258 | D:2      | 1258 ||| DROPPING +0 leather armour.
  1259 | D:2      | 1259 ||| READING scroll labelled LILOH JUOFEL.
  1264 | D:2      | 1264 ||| DRINKING 2 sedimented pink potions.
  1265 | D:2      | 1265 ||| DRINKING 2 lumpy purple potions.
  1266 | D:2      | 1266 ||| DROPPING potion of attraction.
  1359 | D:3      | Found a runed translucent gate.
  1359 | D:3      | Found a runed translucent gate.
  1470 | D:3      | Reached XP level 4. HP: 26/26 MP: 5/5
  1505 | D:3      | Reached skill level 4 in Ranged Weapons
  1736 | D:3      | Found a runed translucent gate.
  1738 | D:3      | Noticed a kobold brigand
  1739 | D:3      | Noticed qw's ghost (amateur MiHs)
  2096 | D:3      | 2096 ||| UPGRADING to ring of positive energy.
  2097 | D:3      | 2097 ||| READING scroll labelled CUTZAGILOBB.
  2098 | D:3      | 2098 ||| READING 3 scrolls of identify.
  2098 | D:3      | 2098 ||| IDENTIFYING cyan potion
  2099 | D:3      | 2099 ||| READING 2 scrolls of identify.
  2099 | D:3      | 2099 ||| IDENTIFYING bubbling grey potion
  2100 | D:3      | 2100 ||| DROPPING potion of berserk rage.
  2192 | D:4      | HP: 5/26 [hound (2)]
  2193 | D:4      | 2193 ||| READING scroll of teleportation.
  2194 | D:4      | Slain by a hound

Levels and vault maps discovered:
D:1:      minmay_arrival_hallway, layout_basic
D:2:      layout_basic, st_stairs_5
D:3:      layout_basic, gammafunk_ghost_nasty_kobolds
D:4:      layout_layer_cave, uniq_robin

Skill      XL: |  1  2  3  4 |
---------------+-------------+-----
Ranged Weapons | 3 4 |  4.0
Fighting       | 2 |  2.0
Armour         | |  0.8
Dodging        | |  1.5
Spellcasting   | |  1.0
Hexes          | |  2.6

Action                     |  1- 3 |  4- 6 || total
---------------------------+-------+-------++-------
   Fire: Sling             |   105 |    62 ||   167
    Use: Scroll            |     4 |     4 ||     8
         Potion            |     2 |       ||     2
 Armour: Robe              |     3 |       ||     3
         Leather armour    |     3 |       ||     3
         Ring mail         |     7 |    26 ||    33
  Dodge: Dodged            |    35 |    49 ||    84

Table legend:
 A = Non-vault XP
 B = Vault XP
 C = Vault XP percentage of total XP
 D = Non-vault monster count
 E = Vault monster count
 F = Vault count percentage of total count
                 A         B        C        D         E       F
            +---------+---------+-------+---------+---------+-------
      Total |     103 |       4 |   3.7 |      41 |       2 |   4.7
            +---------+---------+-------+---------+---------+-------
        D:1 |      26 |       0 |   0.0 |      15 |       0 |   0.0
        D:2 |       7 |       4 |  36.4 |       6 |       2 |  25.0
        D:3 |      70 |       0 |   0.0 |      20 |       0 |   0.0
            +---------+---------+-------+---------+---------+-------
